AoeStats
← TobsusMaximus

Arabia

510399344Analyzed
3v3 RM · 14h ago on Sep 30, 2026· 60m 45s· 6 players
Game mode
Random Map
Map size
Normal (6 player)
Population
200
Speed
Normal
Resources
Standard
Victory
Conquest
Starting age
Dark Age
Ending age
Imperial Age
RankedLock teamsTeams togetherTeam positionsShared explorationLock speedFull tech treeHidden civsTurbo modeCheats
Victory
Defeat
🇫🇷 Tatars · France
1119
+14
🇩🇪 Persians · Germany
1087
+16
🇷🇴 Mongols · Romania
1066
+17
🇧🇷 Franks · Brazil
1096
-16
🇨🇴 Danes · Colombia
1094
-16
🇺🇸 Teutons · United States
1061
-15
TobsusMaximus
10:45 Feudal Age
12:34 Loom
15:18 Castle Age
15:09 Forging
15:13 Scale Barding Armor
15:02 Double-Bit Axe
15:04 Horse Collar
25:03 Wheelbarrow
24:45 Bloodlines
30:53 Town Watch
31:50 Heavy Plow
37:59 Imperial Age
37:02 Bow Saw
37:49 Husbandry
38:27 Iron Casting
38:13 Chain Barding Armor
37:51 Murder Holes
37:37 Cavalier
41:10 Blast Furnace
39:48 Savar
41:37 Masonry
42:16 Conscription
42:18 Pikeman
42:58 Squires
44:33 Hand Cart
44:37 Fletching
48:10 Town Patrol
49:27 Plate Barding Armor
49:45 Bodkin Arrow
52:01 Two-Man Saw
51:34 Crop Rotation
Zaenyth
6:45 Loom
9:11 Feudal Age
14:56 Horse Collar
18:52 Double-Bit Axe
24:17 Castle Age
22:29 Fletching
23:34 Padded Archer Armor
23:32 Gold Mining
25:14 Bloodlines
25:02 Bodkin Arrow
30:07 Stone Mining
30:36 Bow Saw
30:35 Husbandry
30:49 Forging
33:03 Gold Shaft Mining
33:45 Scale Barding Armor
35:35 Leather Archer Armor
38:13 Heavy Plow
39:09 Wheelbarrow
41:06 Silk Armor
42:03 Ballistics
48:19 Imperial Age
48:58 Hand Cart
49:18 Heavy Cavalry Archer
51:22 Ring Archer Armor
51:20 Bracer
52:35 Timurid Siegecraft
54:31 Chemistry
54:36 Siege Engineers
56:04 Conscription
Clauzzz
5:28 Loom
10:06 Feudal Age
11:24 Wheelbarrow
10:43 Double-Bit Axe
10:47 Horse Collar
20:51 Castle Age
19:09 Fletching
19:44 Padded Archer Armor
20:29 Scale Barding Armor
20:35 Forging
20:40 Stone Mining
21:10 Light Cavalry
22:01 Bloodlines
22:57 Husbandry
25:19 Squires
27:03 Pikeman
28:37 Fervor
29:12 Bow Saw
29:04 Heavy Plow
31:53 Bodkin Arrow
32:20 Chain Barding Armor
33:37 Leather Archer Armor
33:45 Hand Cart
34:34 Stone Shaft Mining
34:56 Ballistics
36:48 Thumb Ring
38:34 Iron Casting
41:33 Imperial Age
39:49 Gold Mining
42:59 Parthian Tactics
43:44 Bracer
45:47 Chemistry
46:10 Siege Engineers
45:37 Hussar
53:29 Gold Shaft Mining
56:30 Blast Furnace
56:00 Elite Mangudai
59:56 Conscription
60:13 Hoardings
OWL | Zephyrous
9:51 Feudal Age
9:44 Loom
10:20 Man-at-Arms
12:08 Scale Mail Armor
11:58 Arson
12:30 Forging
12:55 Scale Barding Armor
17:10 Bloodlines
17:23 Forging
17:44 Horse Collar
22:35 Castle Age
20:38 Double-Bit Axe
22:43 Light Cavalry
23:24 Husbandry
27:44 Pikeman
28:23 Gold Mining
28:28 Gambesons
29:19 Squires
29:21 Stone Mining
33:14 Wheelbarrow
33:32 Chain Mail Armor
35:12 Iron Casting
36:43 Fletching
36:59 Heavy Plow
37:13 Bow Saw
37:15 Town Watch
39:26 Ballistics
42:08 Imperial Age
42:29 Elite Varangian Guard
45:28 Plate Mail Armor
46:26 Halberdier
48:47 Blast Furnace
47:58 Murder Holes
48:42 Bodkin Arrow
49:04 Masonry
50:30 Padded Archer Armor
52:05 Siege Engineers
55:39 Chemistry
59:44 Hand Cart
Caillou
12:03 Feudal Age
11:43 Loom
16:36 Castle Age
16:07 Man-at-Arms
17:18 Horse Collar
19:02 Long Swordsman
20:02 Gambesons
20:04 Arson
20:55 Squires
24:38 Forging
24:28 Scale Mail Armor
30:04 Chain Mail Armor
30:47 Iron Casting
31:15 Double-Bit Axe
31:33 Heavy Plow
31:38 Pikeman
37:25 Imperial Age
36:07 Bow Saw
36:37 Wheelbarrow
37:02 Fletching
37:44 Hand Cart
38:09 Halberdier
38:11 Two-Handed Swordsman
40:30 Chemistry
39:23 Elite Skirmisher
41:36 Gold Mining
41:38 Stone Mining
42:21 Crop Rotation
45:28 Blast Furnace
44:59 Plate Mail Armor
49:11 Crenellations
48:56 Bodkin Arrow
50:16 Ballistics
50:45 Hoardings
51:22 Hoardings
51:13 Conscription
tsN
6:50 Loom
9:27 Feudal Age
10:05 Double-Bit Axe
18:05 Wheelbarrow
20:54 Castle Age
19:58 Scale Barding Armor
20:01 Gold Mining
23:51 Chain Barding Armor
26:21 Bow Saw
28:33 Forging
30:58 Iron Casting
30:30 Husbandry
30:37 Stone Mining
38:24 Imperial Age
37:51 Fletching
39:06 Cavalier
41:36 Plate Barding Armor
43:21 Conscription
46:01 Gold Shaft Mining
Connection lost

Rejoining the realm…

Still unreachable

The connection could not be restored.

Session expired

The server has moved on; the page needs a fresh start.